AoeStats
← elcossu

Nomad

509658674Analyzed
2v2 RM · 6d ago on Sep 27, 2026· 85m 50s· 4 players
Game mode
Random Map
Map size
176×176
Population
200
Speed
Normal
Resources
Standard
Victory
Conquest
Starting age
Dark Age
Ending age
Imperial Age
RankedLock teamsTeams togetherTeam positionsShared explorationLock speedFull tech treeHidden civsTurbo modeCheats
Victory
Defeat
🇮🇹 Persians · Italy
796
+15
🇩🇪 Spanish · Germany
778
+15
🇧🇷 Chinese · Brazil
773
-15
🇹🇷 Byzantines · Türkiye
761
-15
Larbedan
14:24 Feudal Age
15:45 Wheelbarrow
16:00 Double-Bit Axe
26:20 Castle Age
24:53 Stone Mining
24:53 Gold Mining
27:19 Hand Cart
27:04 Pikeman
29:55 Husbandry
35:35 Stone Shaft Mining
35:36 Gold Shaft Mining
36:53 Horse Collar
37:27 Bow Saw
42:05 Imperial Age
41:22 Elite Skirmisher
44:10 Squires
46:41 Conscription
52:25 Halberdier
52:31 Elite Varangian Guard
57:33 Cavalier
theilor.taiariol
14:47 Feudal Age
15:30 Double-Bit Axe
15:28 Horse Collar
15:51 Man-at-Arms
16:19 Arson
31:02 Gold Mining
31:03 Stone Mining
36:10 Castle Age
41:09 Pikeman
41:49 Squires
48:59 Forging
48:50 Scale Mail Armor
72:33 Long Swordsman
Apache[ITA]
15:34 Feudal Age
16:05 Double-Bit Axe
17:34 Fishing Lines
24:16 Castle Age
25:30 Stone Mining
25:41 Town Watch
27:20 Wheelbarrow
27:26 Gillnets
28:20 Town Watch
29:09 Town Patrol
33:17 Hand Cart
34:47 Stone Shaft Mining
36:18 Gold Mining
41:30 Bow Saw
46:51 Imperial Age
45:04 Gold Shaft Mining
47:49 Cavalier
50:49 Savar
51:38 Murder Holes
77:47 Two-Man Saw
82:30 Kamandaran
82:33 Crossbowman
elcossu
6:36 Loom
15:27 Feudal Age
16:45 Double-Bit Axe
21:38 Wheelbarrow
23:33 Castle Age
21:23 Fishing Lines
27:37 Wheelbarrow
28:28 Scale Barding Armor
28:24 Padded Archer Armor
31:22 Gillnets
33:29 Squires
32:50 Pikeman
37:07 Scale Mail Armor
37:59 Gold Mining
38:48 Chain Mail Armor
38:44 Forging
42:21 Imperial Age
39:52 Murder Holes
40:19 Ballistics
40:27 Husbandry
40:39 Bloodlines
39:50 Light Cavalry
42:23 Hussar
45:25 Conscription
45:55 Chain Barding Armor
46:11 Iron Casting
45:28 Fletching
51:15 Cavalier
54:09 Supremacy
55:03 Chemistry
56:19 Halberdier
58:08 Block Printing
58:30 Stone Mining
61:19 Plate Mail Armor
61:27 Plate Barding Armor
62:07 Elite Conquistador
65:46 Arson
67:04 Blast Furnace
67:28 Paladin
71:17 Hand Cart
73:26 Inquisition
76:02 Bodkin Arrow
78:25 Fervor
78:30 Redemption
Connection lost

Rejoining the realm…

Still unreachable

The connection could not be restored.

Session expired

The server has moved on; the page needs a fresh start.